 Dungeon Crawl Stone Soup version 0.27-a0-1196-g3e9cee4cb2 (webtiles) character file.

Game seed: 12986719652291409451

1785 experimilk the Geomancer (level 9, -2/45 HPs)
             Began as a Gargoyle Earth Elementalist on May 28, 2021.
             Was a Believer of Kikubaaqudgha.
             Slain by a mummy (9 damage)
             ... in an ossuary.
             The game lasted 00:19:56 (7922 turns).

experimilk the Geomancer (GrEE)                     Turns: 7922, Time: 00:19:57

Health: -2/45      AC: 18    Str: 12    XL:     9   Next: 8%
Magic:  4/12       EV: 11    Int: 19    God:    Kikubaaqudgha [**....]
Gold:   288        SH:  0    Dex: 10    Spells: 6/12 levels left

rFire    . . .     SeeInvis .   a - +3 morningstar (protect)
rCold    . . .     Faith    .   (no shield)
rNeg     + . .     Spirit   .   o - +0 leather armour
rPois    ∞         Reflect  .   u - +0 helmet
rElec    +         Harm     .   (no cloak)
rCorr    .         Rampage  .   (no gloves)
Will     .....                  r - +0 pair of boots
Stlth    ++........             p - amulet of the acrobat
HPRegen  0.15/turn              (no ring)
MPRegen  0.13/turn              (no ring)

@: under a protective aura
A: sickness immunity, AC +6, negative energy resistance 1, electricity
resistance, torment resistance 1, petrification resistance
a: Renounce Religion, Receive Corpses


You were in an ossuary.
You worshipped Kikubaaqudgha.
Kikubaaqudgha was pleased with you.
You visited 1 branch of the dungeon, and saw 6 of its levels.
You also visited: Ossuary.

You collected 288 gold pieces.

Inventory:

Hand Weapons
 a - a +3 morningstar of protection (weapon)
 v - a +0 rapier
Missiles
 b - 73 stones
Armour
 c - a +0 robe
 l - a +0 buckler
 o - a +0 leather armour (worn)
 r - a +0 pair of boots (worn)
 u - a +0 helmet (worn)
Jewellery
 p - an amulet of the acrobat (around neck)
 x - a +6 ring of dexterity
Wands
 A - a wand of mindburst (11)
 D - a wand of iceblast (10)
Scrolls
 e - a scroll of brand weapon {unknown}
 h - a scroll of enchant weapon
 i - a scroll of vulnerability {unknown}
 k - 2 scrolls of blinking
 q - a scroll of noise {unknown}
 s - a scroll of immolation {unknown}
 t - a scroll of teleportation
 w - a scroll of holy word {unknown}
 y - a scroll of amnesia {unknown}
 B - a scroll of enchant armour {unknown}
Potions
 d - 5 potions of heal wounds
 f - 2 potions of lignification
 g - 2 potions of curing
 j - a potion of might
 m - a potion of mutation {unknown}
 n - a potion of cancellation {unknown}
 z - a potion of resistance {unknown}
 C - a potion of attraction {unknown}


   Skills:
 - Level 1.5 Dodging
 - Level 2.1 Stealth
 - Level 2.0 Spellcasting
 + Level 4.6 Necromancy
 - Level 0.7 Transmutations
 - Level 12.0 Earth Magic


You had 6 spell levels left.
You knew the following spells:

 Your Spells              Type           Power      Damage    Failure   Level
a - Sandblast             Erth           94%        2d19      1%          1
b - Passwall              Tmut/Erth      21%        N/A       2%          2
c - Stone Arrow           Conj/Erth      48%        3d10      5%          3

Your spell library contained the following spells:

 Spells                   Type           Power      Damage    Failure   Level
 Animate Skeleton         Necr           38%        N/A       3%          1
 Pain                     Necr           76%        1d7       3%          1
 Lee's Rapid Deconstruct  Erth           23%        3d14*     4%          5
 Vampiric Draining        Necr           9%         2d7       10%         3
 Corpse Rot               Necr/Air       N/A        N/A       12%         2
 Petrify                  Tmut/Erth      26%        N/A       16%         4


Dungeon Overview and Level Annotations

Branches:
Dungeon (6/15)             Temple (0/1) D:4         Ossuary (1/1)

Altars:
Elyvilon
Kikubaaqudgha

Annotations:
D:3 5 runed translucent doors, oc3rt's ghost, amateur TeBe


Innate Abilities, Weirdness & Mutations

You are immune to sickness and miasma.
Your stone body is resilient. (AC +6)
You are immune to poison.
You resist negative energy. (rN+)
You are resistant to electric shocks. (rElec)
You are resistant to unholy torment.
You are immune to petrification.


Message History

You hit the hobgoblin zombie.
You destroy the hobgoblin zombie!
Kikubaaqudgha accepts your kill. The hobgoblin zombie hits you.
The hobgoblin zombie closely misses you.
You hit the elf zombie.
The elf zombie is almost destroyed.
The elf zombie hits you but does no damage.
The hobgoblin zombie hits you but does no damage.
The elf zombie hits you but does no damage.
You barely miss the elf zombie.
The elf zombie is almost destroyed.
The hobgoblin zombie barely misses you.
The elf zombie hits you but does no damage.
You closely miss the elf zombie.
The elf zombie is almost destroyed.
The hobgoblin zombie hits you but does no damage.
The elf zombie hits you but does no damage.
You sock the elf zombie!
You destroy the elf zombie!
Kikubaaqudgha accepts your kill.
The hobgoblin zombie hits you but does no damage.
You hit the mummy but do no damage. The hobgoblin zombie barely misses you.
The mummy barely misses you.
The hobgoblin zombie hits you but does no damage.
You hit the mummy.
The mummy is lightly damaged.
The mummy barely misses you.
You sock the mummy!
The mummy is heavily damaged.
The mummy hits you but does no damage.
You barely miss the mummy.
The mummy is heavily damaged.
The mummy hits you. The mummy hits you!
* * * LOW HITPOINT WARNING * * *
You closely miss the mummy.
The mummy is heavily damaged.
The mummy hits you!
You die...
Kikubaaqudgha rasps: "You have failed me!
Welcome... oblivion!"

######################
#......MZZ∩∩.........#
#.....@MZZ.......Z...#
#...##############.Z.#
#. #...# #Z..# #.Z.#
#ZZ.# #..... #.ZZ#
#.... #Z..# ##....
#...#


You could see 2 mummies, a rat zombie, a goblin zombie, a hobgoblin zombie and
an orc zombie.

Vanquished Creatures
  3 water moccasins
  An ice beast (D:5)
  An orc warrior (D:6)
  A black bear (D:6)
  An ogre (D:5)
  A phantom (D:5)
  A bullfrog (D:6)
  An elf zombie (Ossuary)
  3 scorpions
  2 elf skeletons (D:6)
  A water moccasin zombie (D:6)
  A centaur zombie (Ossuary)
  2 hounds (D:6)
  2 bullfrog skeletons
  A centaur skeleton (D:6)
  Jessica (D:2)
  Natasha (thrice) (D:3)
  An orc wizard (D:6)
  Terence (D:2)
  A scorpion zombie (D:5)
  A hound skeleton (D:4)
  7 adders
  An ufetubus (D:4)
  An adder zombie (Ossuary)
  3 worms (D:3)
  2 orcs (D:6)
  7 ball pythons
  7 bats
  7 endoplasms
  4 giant cockroaches
  13 goblins
  6 hobgoblins
  8 jackals
  3 quokkas
  9 frilled lizards (D:1)
  9 hobgoblin zombies (Ossuary)
  A jackal zombie (Ossuary)
  8 kobolds
  4 kobold zombies (Ossuary)
  2 orc skeletons (D:6)
  7 orc zombies
  2 rats
141 creatures vanquished.

Notes
Turn   | Place    | Note
-------+----------+-------------------------------------------
     0 | D:1      | experimilk the Gargoyle Earth Elementalist began the quest
                  | for the Orb.
     0 | D:1      | Reached XP level 1. HP: 10/10 MP: 3/3
   215 | D:1      | Reached skill level 4 in Earth Magic
   291 | D:1      | Reached XP level 2. HP: 15/15 MP: 3/5
   294 | D:1      | Learned a level 2 spell: Passwall
  1072 | D:2      | Noticed Jessica
  1076 | D:2      | Killed Jessica
  1077 | D:2      | Reached skill level 5 in Earth Magic
  1077 | D:2      | Reached XP level 3. HP: 19/19 MP: 2/6
  1317 | D:1      | Learned a level 3 spell: Stone Arrow
  1339 | D:2      | Reached XP level 4. HP: 24/24 MP: 3/7
  1554 | D:2      | Reached skill level 6 in Earth Magic
  1628 | D:2      | Noticed Terence
  1635 | D:2      | Killed Terence
  2391 | D:3      | Reached XP level 5. HP: 28/28 MP: 5/8
  2433 | D:3      | Found an ancient bone altar of Kikubaaqudgha.
  2434 | D:3      | Found a faded altar of an unknown god.
  2441 | D:3      | Became a worshipper of Kikubaaqudgha
  2443 | D:3      | Found a runed translucent gate.
  2443 | D:3      | Found a runed translucent gate.
  2444 | D:3      | Found a runed translucent gate.
  2449 | D:3      | Noticed oc3rt's ghost (amateur TeBe)
  2501 | D:3      | Noticed Natasha
  2506 | D:3      | Killed Natasha
  2507 | D:3      | Reached skill level 7 in Earth Magic
  2753 | D:3      | Found a large runed translucent door.
  2756 | D:3      | Found a large runed translucent door.
  2841 | D:3      | Noticed Natasha
  2852 | D:3      | Killed Natasha
  3284 | D:3      | Noticed Natasha
  3305 | D:3      | Killed Natasha
  3632 | D:4      | Reached XP level 6. HP: 31/32 MP: 7/9
  3704 | D:4      | Reached skill level 8 in Earth Magic
  3865 | D:4      | Found a staircase to the Ecumenical Temple.
  4135 | D:4      | Reached * piety under Kikubaaqudgha
  4135 | D:4      | Identified Kikubaaqudgha's Reference Book on Evil Rites
                  | (Kikubaaqudgha gifted it to you on level 4 of the Dungeon)
  4135 | D:4      | Received a gift from Kikubaaqudgha
  4251 | D:4      | Reached skill level 9 in Earth Magic
  4751 | D:4      | Reached XP level 7. HP: 36/36 MP: 6/10
  5042 | D:5      | Entered Level 5 of the Dungeon
  5091 | D:5      | Reached skill level 1 in Necromancy
  5549 | D:5      | Found a white marble altar of Elyvilon.
  5680 | D:5      | Reached skill level 10 in Earth Magic
  5686 | D:5      | Reached XP level 8. HP: 34/41 MP: 0/11
  6649 | D:6      | Reached skill level 11 in Earth Magic
  7039 | D:6      | Found a sand-covered staircase.
  7050 | D:6      | Reached skill level 12 in Earth Magic
  7050 | D:6      | Reached XP level 9. HP: 37/45 MP: 0/12
  7053 | Ossuary  | Entered an ossuary
  7865 | Ossuary  | Reached ** piety under Kikubaaqudgha
  7922 | Ossuary  | Slain by a mummy

Illustrated notes

Levels and vault maps discovered:
D:1:      erik_arrival_orb_chamber, layout_rooms, corexii_corridor_pit,
          minmay_lizard_pond
D:2:      layout_rooms, uniq_terence, uniq_jessica
D:3:      layout_basic, overflow_temple_1_default, jmf_multi_god_temple2,
          serial_glass, glass_columns_b, glass_columns_a, glass_columns_a,
          glass_columns_b, glass_columns_a, glass_columns_c, glass_columns_b,
          glass_columns_b, glass_columns_c, glass_columns_b,
          gammafunk_ghost_necromancy, shapermc_ecumenical_altar_starsandcircs,
          minmay_fractal_squares_diagonal_5, uniq_natasha
D:4:      layout_gridville, temple_statues
D:5:      layout_basic, nicolae_elyvilon_temple_path
D:6:      layout_loops_ring, nicolae_ossuary_entry_catacombs
Ossuary:  ossuary_tomb_1

Skill      XL: |  1  2  3  4  5  6  7  8 |
---------------+-------------------------+-----
Earth Magic    | 4 5 6 7 9 10 12 | 12.0
Necromancy     | 2 4 |  4.6
Dodging        | |  1.5
Stealth        | |  2.1
Spellcasting   | |  2.0
Transmutations | |  0.7

Action                   |  1- 3 |  4- 6 |  7- 9 || total
-------------------------+-------+-------+-------++-------
Melee: Short sword       |       |     3 |       ||     3
       Rapier            |       |    11 |       ||    11
       Morningstar       |       |       |    80 ||    80
 Cast: Sandblast         |    33 |    87 |    15 ||   135
       Stone Arrow       |       |     9 |    47 ||    56
  Use: Scroll            |       |     1 |     6 ||     7
 Stab: Sleeping          |       |     1 |     1 ||     2
Armor: Robe              |     3 |     4 |       ||     7
       Leather armour    |       |    13 |   103 ||   116
Dodge: Dodged            |     7 |    30 |    95 ||   132

Table legend: (Time is in decaauts)
 A = Elapsed time spent in this place.
 B = Non-inter-level travel time spent in this place.
 C = Inter-level travel time spent in this place.
 D = Time resting spent in this place.
 E = Time spent auto-exploring this place.
 F = Levels seen in this place.
 G = Mean time per level.
                   A        B        C        D        E       F      G
               +--------+--------+--------+--------+--------+-----+--------+
         Total |   7963 |   7759 |    204 |   3986 |   1915 |   7 | 1137.6 |
       Dungeon |   7072 |   6868 |    204 |   3296 |   1915 |   6 | 1178.7 |
       Ossuary |    890 |    890 |      0 |    690 |      0 |   1 |  890.0 |
               +--------+--------+--------+--------+--------+-----+--------+

Top non-repeatable levels by time:
     D:4: 1462 daAuts
     D:1: 1321 daAuts
     D:5: 1292 daAuts
     D:3: 1280 daAuts
     D:2: 1017 daAuts
 Ossuary: 890 daAuts
     D:6: 698 daAuts
